 Dungeon Crawl Stone Soup version 0.24-a0-57-gac335f2 (webtiles) character file.

Game seed: 2107148524811527840

9553 galech the Carver (level 11, -9/83 HPs)
             Began as a Demonspawn Fighter on Feb 4, 2019.
             Was a High Priest of Okawaru.
             Mangled by a white ugly thing (24 damage)
             ... in an ice cave.
             The game lasted 00:12:25 (5524 turns).

galech the Carver (Demonspawn Fighter)              Turns: 5524, Time: 00:12:26

Health: -9/83      AC: 24    Str: 16    XL:     11   Next: 24%
Magic:  9/11       EV: 16    Int: 13    God:    Okawaru [*****.]
Gold:   97         SH: 12    Dex: 16    Spells: 10/10 levels left

rFire    . . .     SeeInvis .   l - +7 Singing Sword {slice, sonic wave}
rCold    . . .     Gourm    .   c - +0 shield
rNeg     . . .     Faith    .   D - +0 ring mail {rPois}
rPois    +         Spirit   .   s - +0 helmet {Int+3}
rElec    .         Reflect  .   r - +2 cloak
rCorr    .         Harm     .   y - +0 pair of gloves
MR       .....                  n - +0 pair of boots
Stlth    ++++......             q - amulet of regeneration
HPRegen  0.63/turn              h - +3 ring of slaying
MPRegen  0.12/turn              (no ring)

@: heroism, sanguine armour
A: talons 1, nightstalker 1, spiny 2, sanguine armour 2
a: Heroism, Finesse, Renounce Religion


You were in an ice cave.
You worshipped Okawaru.
Okawaru was extremely pleased with you.
You were not hungry.

You visited 1 branch of the dungeon, and saw 9 of its levels.
You also visited: Ossuary and Ice Cave.

You collected 97 gold pieces.

Inventory:

Hand Weapons
 l - the +7 Singing Sword (weapon) {slice, sonic wave}
   (You took it off an orc on level 5 of the Dungeon)

   It inflicts extra damage upon your enemies.
 z - a +0 scimitar of flaming
Armour
 c - a +0 shield (worn)
 n - a +0 pair of boots (worn)
 r - a +2 cloak (worn)
 s - a +0 helmet of intelligence (worn)
 y - a +0 pair of gloves (worn)
 D - a +0 ring mail of poison resistance (worn)
 H - the +2 scale mail of Wu Jian {SInv}
   (You found it on level 8 of the Dungeon)

   It lets you see invisible.
Jewellery
 h - a +3 ring of slaying (left hand)
 q - an amulet of regeneration (around neck)
 w - an uncursed amulet of the acrobat
Wands
 g - a wand of acid (7)
 u - a wand of iceblast (25)
Scrolls
 k - 2 scrolls of random uselessness
 m - 4 scrolls of teleportation
 o - 8 scrolls of remove curse
 t - a scroll of noise
 B - a scroll of fog
 C - 3 scrolls of enchant weapon {unknown}
 F - 3 scrolls of identify
Potions
 d - a potion of might
 e - 10 potions of heal wounds {unknown}
 i - 2 potions of haste {unknown}
 j - 4 potions of mutation {unknown}
 p - 2 potions of invisibility {unknown}
 v - a potion of flight {unknown}
 x - a potion of magic {unknown}
 A - 3 potions of degeneration {unknown}
 E - 2 potions of curing {unknown}
 G - a potion of berserk rage
Comestibles
 f - 10 rations


   Skills:
 + Level 6.7(11.7) Fighting
 + Level 9.8(14.8) Long Blades
   Level 6.8(11.8) Axes
 + Level 5.5(10.5) Armour
 + Level 4.3(9.3) Dodging
 + Level 2.4(7.4) Stealth
 + Level 6.8(11.8) Shields
 + Level 1.2 Invocations


You had 10 spell levels left.
You didn't know any spells.
Your spell library contained the following spells:

 Spells                   Type           Power        Failure   Level  Hunger
 Apportation              Tloc           #.....       61%         1    ##.....
 Summon Butterflies       Summ           #.......     61%         1    ##.....
 Ignite Poison            Fire/Tmut/Pois #.......     93%         3    ####...
 Lesser Beckoning         Tloc           #.........   93%         3    ####...
 Tukima's Dance           Hex            #.......     93%         3    ####...
 Alistair's Intoxication  Tmut/Pois      #.......     100%        5    ######.
 Fireball                 Conj/Fire      #.........   100%        5    ######.
 Bolt of Fire             Conj/Fire      #.........   100%        6    #######
 Invisibility             Hex            #.......     100%        6    #######
 Ring of Flames           Chrm/Fire      #.........   100%        7    #######
 Ignition                 Fire           #.........   100%        8    #######


Dungeon Overview and Level Annotations

Branches:
Dungeon (11/15)            Temple (0/1) D:6
   Lair: D:8-11         Orc: D:9-12

Altars:
Kikubaaqudgha
Okawaru
Qazlal
Sif Muna
Zin

Annotations:
IceCv exclusion: 2 ice statues


Innate Abilities, Weirdness & Mutations

You have sharp toenails.
You are slightly more attuned to the shadows.
You are mostly covered in sharp spines.
When seriously injured, your bleeding wounds create thick armour. (AC +9)


Message History

The white ugly thing is lightly wounded.
The white ugly thing claws you!
Your blood congeals into armour.
The white ugly thing freezes you!!
* * * LOW HITPOINT WARNING * * *
You are too injured to fight recklessly!
You are too injured to fight recklessly!
You are too injured to fight recklessly!
You are too injured to fight recklessly!
You are too injured to fight recklessly!
You are too injured to fight recklessly!
You are too injured to fight recklessly!
You are too injured to fight recklessly!
You are too injured to fight recklessly!
You are too injured to fight recklessly!
You are too injured to fight recklessly!
You gain the combat prowess of a mighty hero.
The white ugly thing claws you!
* * * LOW HITPOINT WARNING * * *
The white ugly thing freezes you!!
You die...

##.....##
###.###
##.....##
##.......##
#.........#
#.........#
#.........#
#.........#
#((.@...(.#
#####u#####
#8.......8#
#.........#
#.........#
#.........#
#.........#
##.......##


You could see a white ugly thing.

Vanquished Creatures
  Snorg (D:11)
  Erica (D:11)
  2 ugly things (D:11)
  A cyclops (D:11)
  A manticore (D:11)
  Maurice (D:8)
  2 centaur skeletons (D:11)
  A hippogriff (D:8)
  A shadow (D:11)
  Eustachio (D:5)
  A hungry ghost (D:11)
  Menkaure (D:7)
  Duvessa (D:5)
  4 orc warriors
  8 ice beasts
  A black bear (D:7)
  2 phantoms (D:8)
  3 sky beasts
  2 centaurs
  3 ogres
  5 bullfrogs
  3 elf zombies
  A wyvern zombie (D:11)
  An elf skeleton (D:6)
  Dowan (D:5)
  2 scorpions
  9 killer bees
  4 wights (D:11)
  2 crimson imps
  A bullfrog zombie (D:8)
  3 centaur zombies (Ossuary)
  3 human zombies
  A jelly (D:11)
  3 orc priests
  2 hounds
  10 orc wizards
  2 bullfrog skeletons
  3 iguanas
  A human skeleton (D:6)
  8 worker ants
  A hound zombie (D:6)
  2 mummies (Ossuary)
  5 gnolls
  10 adders
  A shadow imp (D:7)
  12 white imps (D:11)
  An ooze (D:2)
  2 adder skeletons
  3 worms
  2 dart slugs
  3 leopard geckos
  36 orcs
  A ball python (D:3)
  6 bats
  2 giant cockroaches (D:1)
  6 goblins
  11 hobgoblins
  14 jackals
  5 quokkas
  3 frilled lizards
  A goblin zombie (Ossuary)
  12 hobgoblin zombies (Ossuary)
  2 jackal zombies
  9 kobolds
  8 kobold zombies (Ossuary)
  An orc skeleton (D:6)
  6 orc zombies
  2 quokka zombies
  12 rats
  2 rat zombies (Ossuary)
284 creatures vanquished.

Notes
Turn   | Place    | Note
-------+----------+-------------------------------------------
     0 | D:1      | galech the Demonspawn Fighter began the quest for the Orb.
     0 | D:1      | Reached XP level 1. HP: 18/18 MP: 1/1
   101 | D:1      | Gained mutation: When seriously injured, your bleeding
                  | wounds create armour. (AC +9) [demonic ancestry]
   101 | D:1      | Reached XP level 2. HP: 18/24 MP: 2/2
   658 | D:1      | Gained mutation: When seriously injured, your bleeding
                  | wounds create thick armour. (AC +9) [demonic ancestry]
   658 | D:1      | Reached XP level 3. HP: 27/29 MP: 3/3
   762 | D:2      | Found a faded altar of an unknown god.
  1038 | D:2      | Gained mutation: You are partially covered in sharp spines.
                  | [demonic ancestry]
  1038 | D:2      | Reached XP level 4. HP: 24/35 MP: 4/4
  1355 | D:3      | Found a stormy altar of Qazlal.
  1463 | D:3      | Found an ancient bone altar of Kikubaaqudgha.
  1546 | D:3      | Reached XP level 5. HP: 28/42 MP: 5/5
  1553 | D:3      | Reached skill level 1 in Dodging
  1699 | D:4      | Noticed a centaur
  1706 | D:4      | Killed a centaur
  1729 | D:4      | Noticed an ogre
  1735 | D:4      | Killed an ogre
  1735 | D:4      | Reached XP level 6. HP: 42/48 MP: 6/6
  1816 | D:4      | Found an iron altar of Okawaru.
  1839 | D:4      | Became a worshipper of Warmaster Okawaru
  2612 | D:5      | Entered Level 5 of the Dungeon
  2612 | D:5      | Noticed Eustachio
  2632 | D:5      | Reached skill level 5 in Axes
  2632 | D:5      | Reached XP level 7. HP: 26/54 MP: 7/7
  2698 | D:5      | Killed Eustachio
  2698 | D:5      | Reached * piety under Okawaru
  2727 | D:5      | Got an iridescent broad axe
  2728 | D:5      | Identified the +4 broad axe of Sasis {drain, rF+ Str+4
                  | Int-4 SInv} (You found it on level 5 of the Dungeon)
  2842 | D:5      | Noticed Dowan
  2843 | D:5      | Noticed Duvessa
  2850 | D:5      | Killed Duvessa
  2850 | D:5      | Reached XP level 8. HP: 60/61 MP: 8/8
  2852 | D:5      | Killed Dowan
  2950 | D:5      | Found a deep blue altar of Sif Muna.
  2950 | D:5      | Found a glowing silver altar of Zin.
  3142 | D:6      | Reached ** piety under Okawaru
  3143 | D:6      | Reached skill level 5 in Shields
  3179 | D:6      | Found a staircase to the Ecumenical Temple.
  3189 | D:6      | Reached skill level 1 in Long Blades
  3331 | D:6      | Reached skill level 2 in Long Blades
  3362 | D:6      | Found a sand-covered staircase.
  3379 | Ossuary  | Entered an ossuary
  3463 | Ossuary  | Reached skill level 3 in Long Blades
  3469 | Ossuary  | Reached skill level 5 in Fighting
  3471 | Ossuary  | Gained mutation: You are slightly more attuned to the
                  | shadows. [demonic ancestry]
  3471 | Ossuary  | Reached XP level 9. HP: 50/68 MP: 9/9
  3478 | Ossuary  | Reached *** piety under Okawaru
  3478 | Ossuary  | Reached skill level 4 in Long Blades
  4297 | D:7      | Reached skill level 5 in Long Blades
  4297 | D:7      | Reached skill level 1 in Stealth
  4474 | D:7      | Noticed Menkaure
  4481 | D:7      | Killed Menkaure
  4922 | D:8      | Got a brightly glowing scale mail
  4929 | D:8      | Reached skill level 6 in Long Blades
  4940 | D:8      | Identified the +2 scale mail of Wu Jian {SInv} (You found
                  | it on level 8 of the Dungeon)
  5002 | D:8      | Reached **** piety under Okawaru
  5074 | D:8      | Reached skill level 5 in Armour
  5086 | D:8      | Noticed Maurice
  5098 | D:8      | Killed Maurice
  5098 | D:8      | Gained mutation: You are mostly covered in sharp spines.
                  | [demonic ancestry]
  5098 | D:8      | Reached XP level 10. HP: 70/76 MP: 10/10
  5099 | D:8      | You fall through a shaft for 3 floors!
  5102 | D:11     | Reached skill level 7 in Long Blades
  5114 | D:11     | Noticed a manticore
  5119 | D:11     | Noticed a white ugly thing
  5120 | D:11     | Killed a manticore
  5120 | D:11     | Reached ***** piety under Okawaru
  5120 | D:11     | Reached skill level 8 in Long Blades
  5128 | D:11     | Killed a white ugly thing
  5135 | D:11     | Noticed Snorg
  5140 | D:11     | Killed Snorg
  5142 | D:11     | Noticed a cyclops
  5148 | D:11     | Killed a cyclops
  5148 | D:11     | Reached skill level 1 in Invocations
  5168 | D:11     | Reached skill level 9 in Long Blades
  5222 | D:11     | Received a gift from Okawaru
  5249 | D:11     | Found a frozen archway.
  5253 | D:11     | Noticed Erica
  5257 | D:11     | Gained mutation: You have sharp toenails. [demonic
                  | ancestry]
  5257 | D:11     | Reached XP level 11. HP: 65/83 MP: 11/11
  5262 | D:11     | Noticed a cyan ugly thing
  5271 | D:11     | Killed Erica
  5274 | D:11     | Killed a cyan ugly thing
  5355 | IceCv    | Entered an ice cave
  5502 | IceCv    | Noticed a white ugly thing
  5524 | IceCv    | Mangled by a white ugly thing

Vault maps used:
D:1:      dpeg_arrival_orchard, minmay_hedge_maze
D:2:      chequers_ecumenical_altar_simple
D:3:      lemuel_crystal_altar, first_ration, nicolae_qazlal_general_emergency
D:4:      okawaru_altar_gauntlet_db
D:5:      grunt_temple_overflow_open, uniq_duvessa, uniq_eustachio
D:6:      minmay_temple_entry_sparse_star, nicolae_ossuary_entry_catacombs
D:7:      uniq_menkaure
D:8:      grunt_temple_overflow_holy_war, uniq_maurice
D:11:     portal_ice_cave_entry_imps, hangedman_pestilent_swarm, uniq_erica,
          uniq_snorg
Ossuary:  ossuary_tomb_1
IceCv:    ice_cave_statue_garden_chambered

Skill      XL: |  1  2  3  4  5  6  7  8  9 10 |
---------------+-------------------------------+-----
Shields        | 3 4 5 6 |  6.8
Axes           | 2 3 4 5 6 |  6.8
Armour         | 3 4 5 |  5.5
Dodging        | 1 2 3 4 |  4.3
Fighting       | 4 5 6 |  6.7
Long Blades    | 3 6 9 |  9.8
Stealth        | 2 |  2.4
Invocations    | 1 |  1.2

Action                   |  1- 3 |  4- 6 |  7- 9 | 10-12 || total
-------------------------+-------+-------+-------+-------++-------
Melee: War axe           |   127 |   145 |    17 |       ||   289
       Broad axe         |       |       |    32 |       ||    32
       Double sword      |       |       |   166 |    79 ||   245
Invok: Heroism           |       |       |       |     5 ||     5
  Use: Scroll            |       |       |     7 |     3 ||    10
 Stab: Sleeping          |       |       |     5 |       ||     5
  Eat: Chunk             |     1 |     5 |     8 |     2 ||    16
Armor: Scale mail        |    34 |       |       |       ||    34
       Ring mail         |    46 |    83 |    93 |    19 ||   241
Dodge: Dodged            |    46 |    68 |    73 |    31 ||   218
Block: Shield            |    84 |    88 |   120 |    35 ||   327
       Rpst.: Double sword |       |       |    10 |    12 ||    22

Table legend:
 A = Non-vault XP
 B = Vault XP
 C = Vault XP percentage of total XP
 D = Non-vault monster count
 E = Vault monster count
 F = Vault count percentage of total count
                 A         B        C        D         E       F
            +---------+---------+-------+---------+---------+-------
      Total |    8906 |    4742 |  34.7 |     209 |      75 |  26.4
            +---------+---------+-------+---------+---------+-------
        D:1 |      41 |       0 |   0.0 |      25 |       0 |   0.0
        D:2 |      59 |       0 |   0.0 |      16 |       0 |   0.0
        D:3 |     143 |       0 |   0.0 |      35 |       0 |   0.0
        D:4 |     436 |      24 |   5.2 |      15 |       6 |  28.6
        D:5 |     493 |     406 |  45.2 |      19 |       3 |  13.6
        D:6 |     909 |     260 |  22.2 |      27 |       6 |  18.2
        D:7 |     995 |     183 |  15.5 |      25 |       1 |   3.8
        D:8 |     983 |     445 |  31.2 |      12 |       1 |   7.7
       D:11 |    4847 |    2160 |  30.8 |      35 |      14 |  28.6
    Ossuary |       0 |     477 | 100.0 |       0 |      38 | 100.0
      IceCv |       0 |     787 | 100.0 |       0 |       6 | 100.0
            +---------+---------+-------+---------+---------+-------
